 Dungeon Crawl Stone Soup version 0.30.1-9-gdf580d7c3d (webtiles) character file.

Game seed: 4084489572478199690

2321 SacredBeard the Cleaver (level 9, -1/75 HPs)
             Began as a Hill Orc Fighter on Oct 25, 2023.
             Was a Follower of Beogh.
             Killed from afar by an orc wizard (2 damage)
             ... with a puff of flame
             ... on level 7 of the Dungeon.
             The game lasted 00:11:16 (5579 turns).

SacredBeard the Cleaver (Hill Orc Fighter)          Turns: 5579, Time: 00:11:18

Health: -1/75      AC: 10    Str: 23    XL:     9   Next: 42%
Magic:  14/15      EV: 10    Int:  8    God:    Beogh [*.....]
Gold:   402        SH:  5    Dex: 16    Spells: 8/8 levels left

rFire   . . .        j - +4 whip (drain)
rCold   . . .        c - +0 buckler
rNeg    . . .        H - +3 ring mail {rPois}
rPois   +            t - +0 helmet
rElec   .            (no cloak)
rCorr   .            (no gloves)
SInv    .            (no boots)
Will    +....        (no amulet)
Stlth   +            h - +6 ring of dexterity
HPRegen 0.32/turn    v - ring of willpower
MPRegen 0.14/turn

%: no passive effects
@: mighty
A: no striking features
a: Renounce Religion


You were on level 7 of the Dungeon.
You worshipped Beogh.
Beogh was aware of your devotion.
You visited 1 branch of the dungeon, and saw 7 of its levels.

You collected 402 gold pieces.

Inventory:

Hand Weapons
 a - a +0 war axe
 j - a +4 whip of draining (weapon)
 m - a +0 hand axe
 K - a +2 shortbow of electrocution
Missiles
 G - a throwing net (quivered)
Armour
 c - a +0 buckler (worn)
 t - a +0 helmet (worn)
 u - a +3 ring mail
 H - a +3 ring mail of poison resistance (worn)
Jewellery
 h - a +6 ring of dexterity (left hand)
 v - a ring of willpower (right hand)
 C - a ring of protection from fire
Wands
 s - a wand of roots (20)
 F - a wand of flame (8)
 I - a wand of paralysis (12)
Scrolls
 b - 5 scrolls of teleportation {unknown}
 f - a scroll of blinking {unknown}
 i - 6 scrolls of identify {unknown}
 k - a scroll of fear {unknown}
 n - 2 scrolls of noise {unknown}
 w - a scroll of magic mapping {unknown}
 y - a scroll of acquirement {unknown}
 A - a scroll of torment {unknown}
 B - 2 scrolls of poison {unknown}
 D - a scroll of enchant weapon {unknown}
 E - 2 scrolls of fog {unknown}
 J - a scroll of enchant armour {unknown}
 L - a scroll of summoning {unknown}
 M - a scroll of amnesia {unknown}
Potions
 e - 2 potions of heal wounds {unknown}
 g - a potion of ambrosia {unknown}
 l - 5 potions of curing {unknown}
 o - 3 potions of flight {unknown}
 p - 2 potions of brilliance {unknown}
 q - a potion of cancellation {unknown}
 r - 4 potions of mutation {unknown}
 x - a potion of attraction {unknown}
 z - a potion of invisibility {unknown}


   Skills:
 - Level 6.0 Fighting
 * Level 12.3 Axes
 - Level 4.0 Armour
 - Level 4.0 Shields
 + Level 8.0 Invocations
 - Level 1.0 Evocations


You had 8 spell levels left.
You didn't know any spells.
Your spell library contained the following spells:

 Spells                   Type           Power      Damage    Failure   Level
 Sublimation of Blood     Necr           0%         N/A       77%         2
 Wereblood                Tmut           0%         N/A       77%         2
 Iskenderun's Battlesphe  Conj           0%         2d6       100%        5
 Iron Shot                Conj/Erth      0%         9d1       100%        6
 Spellforged Servitor     Conj/Summ      0%         N/A       100%        7
 Summon Hydra             Summ           0%         N/A       100%        7


Dungeon Overview and Level Annotations

Branches:
Dungeon (7/15)             Temple (0/1) D:7

Altars:
Ashenzari
Dithmenos
Sif Muna
Trog
Uskayaw
Wu Jian
Xom
Yredelemnul
The Shining One

Annotations:
D:3 1 runed translucent door, Kabixx's ghost, amateur DsFE
D:5 2 transporters


Message History

You closely miss the water moccasin.
The water moccasin is almost dead.
The water moccasin bites you.
* * * LOW HITPOINT WARNING * * *
The centaur completely misses you. You block the centaur's attack.
The water moccasin bites you but does no damage.
You barely miss the water moccasin.
The water moccasin is almost dead.
The centaur misses you. The centaur barely misses you.
You block the water moccasin's attack.
You hit the water moccasin.
You kill the water moccasin!
Beogh accepts your kill. You block the centaur's attack.
The centaur kicks you but does no damage.
Your Invocations skill increases to level 8!
You hit the centaur but do no damage. You drain the centaur.
The centaur is lightly wounded.
The centaur hits you.
* * * LOW HITPOINT WARNING * * *
The centaur kicks you but does no damage.
The centaur hits you.
* * * LOW HITPOINT WARNING * * *
The centaur barely misses you.
You feel very mighty all of a sudden.
The orc wizard hits you but does no damage.
The orc warrior hits you from afar with a +0 glaive!
* * * LOW HITPOINT WARNING * * *
The centaur hits you.
* * * LOW HITPOINT WARNING * * *
The centaur kicks you.
* * * LOW HITPOINT WARNING * * *
You completely miss the centaur.
The centaur is lightly wounded.
The centaur hits you but does no damage.
The centaur kicks you but does no damage.
The orc wizard casts a spell at you. The puff of flame hits you.
You die...
Beogh appreciates the orc wizard's killing of a heretic priest.

#c#..####)..... #.#..#
......
#o#################
####
#.................###
...
#####'########......#
#. #.........'......#
#. #...o.....#......#
#. #####oc####......#
#. #..##@.##.###....#
#. #..+....'...#....#
+. #..#....#...#....#
#.
#.....#######....####.
#####.................
#.................
#.................
#.................
#................>


You could see an orc warrior, a centaur (drained) and an orc wizard.

Vanquished Creatures
  3 yaks (D:7)
  A wyvern (D:7)
  Menkaure (D:5)
  Edmund (D:5)
  2 water moccasins (D:7)
  2 ice beasts (D:5)
  A sky beast (D:6)
  An ogre (D:5)
  4 centaurs
  A phantom (D:5)
  2 scorpions
  A howler monkey (D:5)
  2 hounds
  2 iguanas
  Terence (D:3)
  A gnoll bouda (D:5)
  5 gnolls
  7 adders
  2 shadow imps (D:5)
  3 white imps
  4 dart slugs
  3 worms
  9 orcs
  5 ball pythons
  5 endoplasms
  2 giant cockroaches (D:4)
  5 hobgoblins
  2 jackals (D:2)
  5 kobolds
  2 quokkas
  6 bats
  3 frilled lizards (D:3)
  15 goblins
  5 rats
114 creatures vanquished.

Notes
Turn   | Place    | Note
-------+----------+-------------------------------------------
     0 | D:1      | SacredBeard the Hill Orc Fighter began the quest for the
                  | Orb.
     0 | D:1      | Reached XP level 1. HP: 19/19 MP: 1/1
   226 | D:1      | Reached skill level 3 in Axes
   226 | D:1      | Reached XP level 2. HP: 18/27 MP: 2/2
   575 | D:1      | Reached XP level 3. HP: 32/33 MP: 3/3
  1229 | D:2      | Reached skill level 4 in Axes
  1229 | D:2      | Reached XP level 4. HP: 41/41 MP: 4/4
  1699 | D:3      | Found a shimmering blue altar of Sif Muna.
  2088 | D:3      | Found a hide-covered altar of Uskayaw.
  2120 | D:3      | Found a glowing golden altar of the Shining One.
  2216 | D:3      | Found a runed translucent door.
  2216 | D:3      | Noticed Kabixx's ghost (amateur DsFE)
  2313 | D:3      | Noticed Terence
  2319 | D:3      | Killed Terence
  2320 | D:3      | Reached XP level 5. HP: 42/47 MP: 5/5
  2556 | D:4      | Became a worshipper of Beogh the Brigand
  2644 | D:4      | Found a basalt altar of Yredelemnul.
  2769 | D:4      | Reached skill level 5 in Fighting
  2907 | D:4      | Found an ornate altar of the Wu Jian Council.
  2909 | D:4      | Found a bloodstained altar of Trog.
  3131 | D:5      | Entered Level 5 of the Dungeon
  3176 | D:5      | Found a transporter.
  3176 | D:5      | Noticed a centaur
  3187 | D:5      | Killed a centaur
  3188 | D:5      | Reached skill level 1 in Invocations
  3188 | D:5      | Reached skill level 1 in Evocations
  3188 | D:5      | Reached XP level 6. HP: 55/56 MP: 6/6
  3191 | D:5      | Reached skill level 5 in Axes
  3356 | D:5      | Reached skill level 6 in Axes
  3476 | D:5      | Reached XP level 7. HP: 35/63 MP: 7/9
  3687 | D:5      | Reached skill level 7 in Axes
  3777 | D:5      | Noticed Edmund
  3816 | D:5      | Killed Edmund
  3817 | D:5      | Reached skill level 8 in Axes
  3821 | D:5      | Reached * piety under Beogh
  3994 | D:5      | Reached XP level 8. HP: 70/70 MP: 11/11
  4045 | D:5      | Reached skill level 5 in Invocations
  4085 | D:5      | Noticed Menkaure
  4095 | D:5      | Killed Menkaure
  4096 | D:5      | Reached skill level 9 in Axes
  4245 | D:5      | Found a transporter.
  4384 | D:6      | Found a shadowy altar of Dithmenos.
  4494 | D:6      | Reached skill level 10 in Axes
  4935 | D:7      | Found a staircase to the Ecumenical Temple.
  4960 | D:7      | Found a broken altar of Ashenzari.
  5045 | D:7      | Noticed a wyvern
  5049 | D:7      | Killed a wyvern
  5056 | D:7      | Reached skill level 11 in Axes
  5056 | D:7      | Reached XP level 9. HP: 58/75 MP: 12/14
  5456 | D:7      | Found a shimmering altar of Xom.
  5457 | D:7      | Found a shimmering altar of Xom.
  5467 | D:7      | Found a shimmering altar of Xom.
  5467 | D:7      | Found a shimmering altar of Xom.
  5531 | D:7      | Reached skill level 12 in Axes
  5578 | D:7      | HP: 3/75 [centaur (1)]
  5578 | D:7      | HP: 1/75 [centaur (2)]
  5579 | D:7      | Killed from afar by an orc wizard

Illustrated notes

Levels and vault maps discovered:
D:1:      minmay_arrival_split_and_join, layout_basic
D:2:      layout_basic
D:3:      kennysheep_six_static_rooms, layout_basic,
          eat_drink_and_be_merry_uskayaw, lemuel_tele_altar, led_sif_book,
          gammafunk_ghost_grave, wander_ebering_terrifying_dragon_lair,
          uniq_terence
D:4:      kennysheep_the_goblin_king, layout_basic,
          mainiacjoe_overflow_concentric_impassable, minitemple
D:5:      gammafunk_steamed_eel, layout_basic, uniq_edmund, uniq_menkaure
D:6:      layout_rooms, grunt_dithmenos_smoke_and_mirrors, chequers_garden
D:7:      layout_gridville, xom_shifter_show, nicolae_ashenzari_panopticon,
          minmay_temple_entry_drinking_statues, wad_rectangle_vault, uniq_maggie

Skill      XL: |  1  2  3  4  5  6  7  8  9 |
---------------+----------------------------+-----
Fighting       | 4 5 6 |  6.0
Axes           | 3 4 6 8 11 12 | 12.3
Armour         | 4 |  4.0
Shields        | 4 |  4.0
Invocations    | 1 2 4 6 8 |  8.0
Evocations     | 1 |  1.0

Action                     |  1- 3 |  4- 6 |  7- 9 || total
---------------------------+-------+-------+-------++-------
  Melee: War axe           |    10 |       |       ||    10
         Whip              |    63 |   128 |   203 ||   394
 Invoke: Convert to Beogh  |       |     1 |       ||     1
    Use: Potion            |       |       |     1 ||     1
 Armour: Scale mail        |    24 |    11 |       ||    35
         Ring mail         |       |    47 |    77 ||   124
  Dodge: Dodged            |    28 |    59 |    83 ||   170
  Block: Buckler           |    17 |    41 |    42 ||   100
